 Dungeon Crawl Stone Soup version 0.19.4-9-g45fd643 (webtiles) character file.

107 topcat the Cudgeler (level 4, -1/50 HPs)
             Began as an Ogre Chaos Knight on Feb 17, 2017.
             Slain by an ufetubus (5 damage)
             ... summoned by Xom
             ... on level 2 of the Dungeon.
             The game lasted 00:20:41 (2009 turns).

topcat the Cudgeler (Ogre Chaos Knight)             Turns: 2009, Time: 00:20:42

Health: -1/50      AC:  5    Str: 18    XL:     4   Next: 86%
Magic:  4/4        EV: 10    Int: 11    God:    Xom [*.....]
Gold:   162        SH:  0    Dex:  7    Spells: 0 memorised, 3 levels left

rFire  . . .     SeeInvis .     a - +2 mace (chaos)
rCold  . . .     Gourm    .     b - +2 robe
rNeg   . . .     Faith    .     (no shield)
rPois  .         Spirit   .     (helmet restricted)
rElec  .         Reflect  .     (no cloak)
rCorr  .         Harm     .     (gloves unavailable)
MR     .....                    (boots unavailable)
Stlth  +.........               (no amulet)
                                (no ring)
                                (no ring)

@: exhausted, slowed, very slow
A: unfitting armour, clumsy 1, screaming 2, tough skin 1
a: Renounce Religion


You were on level 2 of the Dungeon.
You worshipped Xom.
You were a special plaything of Xom.
You were hungry.

You visited 1 branch of the dungeon, and saw 2 of its levels.

You collected 162 gold pieces.

Inventory:

Hand Weapons
 a - a +2 mace of chaos (weapon)
Missiles
 e - 69 stones
 l - 2 javelins (quivered)
Armour
 b - a +2 robe (worn)
 g - a +0 robe
Scrolls
 k - a scroll of noise {unknown}
Potions
 d - a potion of curing {unknown}
 f - a potion of invisibility {unknown}
 h - a potion of berserk rage
 i - a potion of agility {unknown}
 m - a potion of mutation {unknown}
Comestibles
 c - 4 bread rations
 j - 2 chunks of flesh


   Skills:
 + Level 5.2 Fighting
 + Level 5.3 Maces & Flails
 + Level 0.8 Throwing
 + Level 2.6 Dodging
 + Level 0.5 Stealth


You had 3 spell levels left.
You didn't know any spells.

Dungeon Overview and Level Annotations

Branches:
Dungeon (2/15)

Altars:
Ashenzari

Annotations:
D:2 Sigmund


Innate Abilities, Weirdness & Mutations

You are too large for most types of armour.
You have tough skin. (AC +1)
You are clumsy. (Dex -2)
You sometimes yell uncontrollably at your foes.


Message History

The kobold hits you but does no damage. The kobold hits you.
* * * LOW HITPOINT WARNING * * *
The kobold hits you.
* * * LOW HITPOINT WARNING * * *
You can move again.
You hit the kobold.
Space warps horribly around the kobold!
You kill the kobold!
You hit the worm.
The worm is moderately wounded. "Time to have some fun!"
The worm barely misses you.
Press: ? - help, v - describe, . - travel
Here: an ufetubus (summoned)
The floor.
You hit the worm.
The worm is moderately wounded.
The ufetubus hits you.
You die... "It was about time."

#....##.# #.#
#.#.#.#.###### #.#
#.##.#.......# #.#
########.#.###.####.#
#.# ..........## ##.#
#.# #.#
..########.###.## #.#
#.# #.....## ##.#.##
#.# #.##
.#####.#####.######.#
#..# ##
##.......)w@5..# ##.#
# #.####...###..# #.#
# ###.!##..# #..# #.#
# #?.. #.## #..# #.#
## +!.. #)## #..# #.#
.##### #wg##..# #..#
#.# #....#
##†#...###.## #.#
##..## #..........#
###.### #..#
#......###.####
#.....#


You could see a worm and an ufetubus.

Vanquished Creatures
  Jessica (D:2)
  An adder (D:2)
  2 gnolls
  A worm (D:2)
  3 dart slugs
  A leopard gecko (D:2)
  A giant cockroach (D:2)
  4 goblins (D:1)
  8 hobgoblins
  A jackal (D:2)
  A jackal (shapeshifter) (D:2)
  3 kobolds
  A quokka (D:2)
  5 bats
  7 frilled lizards
  6 rats
46 creatures vanquished.

Notes
Turn   | Place    | Note
-------+----------+-------------------------------------------
     0 | D:1      | topcat the Ogre Chaos Knight began the quest for the Orb.
     0 | D:1      | Reached XP level 1. HP: 24/24 MP: 1/1
    45 | D:1      | XOM: harmless Necr miscast
    46 | D:1      | XOM: silly message
   121 | D:1      | XOM: silly message
   268 | D:1      | Reached XP level 2. HP: 33/33 MP: 2/2
   642 | D:1      | Reached XP level 3. HP: 32/41 MP: 3/3
   704 | D:1      | XOM: divination: detect creatures
  1119 | D:1      | Reached skill level 5 in Fighting
  1138 | D:1      | XOM: cast spell 'Ice Form'
  1232 | D:2      | XOM: silly message
  1333 | D:2      | XOM is BORED!
  1333 | D:2      | XOM: 4-stop teleportation journey
  1377 | D:2      | Noticed Sigmund
  1471 | D:2      | Found a shattered altar of Ashenzari.
  1516 | D:2      | XOM: give mutation
  1516 | D:2      | Gained mutation: You occasionally shout uncontrollably at your foes. [Xom's mischief]
  1811 | D:2      | Noticed Jessica
  1816 | D:2      | Killed Jessica
  1816 | D:2      | Reached skill level 5 in Maces & Flails
  1816 | D:2      | Reached XP level 4. HP: 49/50 MP: 4/4
  1821 | D:2      | XOM: noise
  1884 | D:2      | XOM: harmless Summ miscast
  1962 | D:2      | XOM: give mutations
  1962 | D:2      | Gained mutation: Your body sometimes deteriorates upon taking damage. [Xom's mischief]
  1962 | D:2      | Gained mutation: You sometimes yell uncontrollably at your foes. [Xom's mischief]
  1962 | D:2      | Gained mutation: You are clumsy. (Dex -2) [Xom's mischief]
  1962 | D:2      | Lost mutation: Your body sometimes deteriorates upon taking damage. [Xom's mischief]
  2008 | D:2      | XOM: summons 1 hostile demon
  2009 | D:2      | Slain by an ufetubus

Skill      XL: |  1  2  3 |
---------------+----------+-----
Fighting       | 5 |  5.2
Maces & Flails | 5 |  5.3
Throwing       | |  0.8
Dodging        | |  2.6
Stealth        | |  0.5

Action                   |  1- 3 |  4- 6 || total
-------------------------+-------+-------++-------
Melee: Mace              |    85 |    30 ||   115
       Unarmed           |     1 |       ||     1
Throw: Stone             |    13 |       ||    13
       Javelin           |     3 |     1 ||     4
  Use: Scroll            |     6 |       ||     6
       Potion            |     1 |     1 ||     2
  Eat: Chunk             |     3 |       ||     3
Armor: Robe              |    22 |    11 ||    33
       Skin              |     1 |       ||     1
Dodge: Dodged            |    44 |    20 ||    64
